 Dungeon Crawl Stone Soup version 0.30-a0-937-ga0a21ad780 (webtiles) character file.

Game seed: 12089781288347374146

1138 voltaire321 the Sneak (level 8, 0/48 HPs)
             Began as a Kobold Enchanter on Mar 24, 2023.
             Slain by a troll (3 damage)
             ... on level 5 of the Dungeon.
             The game lasted 00:16:45 (4520 turns).

voltaire321 the Sneak (Kobold Enchanter)            Turns: 4520, Time: 00:16:46

Health: 0/48       AC:  9    Str: 10    XL:     8   Next: 63%
Magic:  14/14      EV: 22    Int: 17    God:
Gold:   453        SH:  0    Dex: 17    Spells: 10/15 levels left

rFire   . . .      SeeInvis .    q - +5 dagger of Fate {freeze, Str+5}
rCold   . . .      Faith    .    (no shield)
rNeg    . . .      Spirit   .    b - +0 robe
rPois   .          Reflect  .    (no helmet)
rElec   .          Rampage  +    (no cloak)
rCorr   .                        r - +0 pair of gloves
Will    .....                    l - +1 pair of boots {rampage}
Stlth   ++++                     (no amulet)
HPRegen 0.28/turn                p - +5 ring of evasion
MPRegen 0.14/turn                w - +4 ring of protection

@: brilliant
A: small, no large weapons, nightstalker 3
a: no special abilities


You were on level 5 of the Dungeon.
You visited 1 branch of the dungeon, and saw 6 of its levels.

You collected 453 gold pieces.

Inventory:

Hand Weapons
 a - a +1 dagger
 g - a +2 dagger of speed
 q - the +5 dagger of Fate (weapon) {freeze, Str+5}
   (You found it on level 2 of the Dungeon)

   Str:       It affects your strength (+5).
Missiles
 i - 27 poisoned darts (quivered)
 y - a throwing net
Armour
 b - a +0 robe (worn)
 l - a +1 pair of boots of rampaging (worn)
 r - a +0 pair of gloves (worn)
Jewellery
 p - a +5 ring of evasion (left hand)
 w - a +4 ring of protection (right hand)
 C - a ring of see invisible
Wands
 c - a wand of quicksilver (10)
Scrolls
 f - 2 scrolls of noise
 n - a scroll of butterflies {unknown}
 o - 3 scrolls of immolation
 t - 3 scrolls of magic mapping {unknown}
 u - a scroll of blinking {unknown}
 v - 3 scrolls of identify
 x - a scroll of poison {unknown}
 z - a scroll of silence {unknown}
 A - 2 scrolls of fear {unknown}
 D - a scroll of fog {unknown}
 E - a scroll of enchant weapon {unknown}
 F - a scroll of vulnerability {unknown}
Potions
 d - a potion of cancellation {unknown}
 e - 3 potions of resistance
 j - a potion of brilliance
 k - a potion of ambrosia {unknown}
 m - 2 potions of might {unknown}
 s - a potion of curing {unknown}
 B - a potion of haste {unknown}


   Skills:
 + Level 3.9 Fighting
 + Level 4.9 Short Blades
 + Level 4.8 Dodging
 + Level 6.5 Stealth
 + Level 4.1 Spellcasting
 + Level 4.7 Hexes
 + Level 3.1 Ice Magic


You had 10 spell levels left.
You knew the following spells:

 Your Spells              Type           Power      Damage    Failure   Level
a - Ensorcelled Hibernat  Hex/Ice        50%        N/A       4%          2
b - Tukima's Dance        Hex            29%        N/A       7%          3

Your spell library contained the following spells:

 Spells                   Type           Power      Damage    Failure   Level
 Confusing Touch          Hex            29%        N/A       7%          3
 Ozocubu's Armour         Ice            21%        N/A       13%         3
 Dazzling Flash           Conj/Hex       34%        N/A       19%         3
 Metabolic Englaciation   Hex/Ice        12%        N/A       65%         5
 Airstrike                Air            2%         2d(1-17)  83%         4
 Summon Lightning Spire   Summ/Air       5%         N/A       83%         4
 Plasma Beam              Fire/Air       2%         2x1d14    99%         5
 Simulacrum               Ice/Necr       6%         N/A       100%        6


Dungeon Overview and Level Annotations

Branches:
Dungeon (6/15)
 Temple: D:4-7

Altars:
Cheibriados
Dithmenos
Elyvilon
Hepliaklqana
Trog


Innate Abilities, Weirdness & Mutations

You are small and have problems with some larger weapons.
You are completely attuned to the shadows.


Message History

You puncture the troll! You freeze the troll.
The troll is moderately wounded.
The troll barely misses you. The troll claws you!
The troll claws you but does no damage.
You hit the troll. You freeze the troll.
The troll is moderately wounded.
The troll bites you. The troll completely misses you. The troll misses you.
You barely miss the troll.
The troll is moderately wounded.
The troll bites you. The troll claws you! The troll completely misses you.
You feel much better. The troll misses you. The troll completely misses you.
The troll claws you but does no damage.
As you read the scroll labelled QIOKUCHEGH, it crumbles to dust.
It is a scroll of identify.
e - 3 potions of resistance The troll bites you.
The troll barely misses you. The troll claws you.
The troll attacks as you move away! The troll misses you.
The troll closely misses you. The troll misses you.
The troll attacks as you move away! The troll closely misses you.
The troll misses you. The troll closely misses you.
As you read the scroll labelled TYPHEJ ILLIAR, it crumbles to dust.
You hear a loud clanging noise!
It was a scroll of noise.
The troll barely misses you. The troll claws you but does no damage.
The troll misses you.
As you read the scroll labelled KUEG JULEW, it crumbles to dust.
The creatures around you are filled with an inner flame!
It was a scroll of immolation.
The troll bites you!
* * * LOW HITPOINT WARNING * * *
The troll completely misses you. The troll closely misses you.
It was a potion of brilliance.
You feel clever all of a sudden. The troll bites you!
* * * LOW HITPOINT WARNING * * *
The troll closely misses you. x2
The troll attacks as you move away! The troll barely misses you.
The troll completely misses you. The troll claws you.
* * * LOW HITPOINT WARNING * * *
The troll attacks as you move away! The troll closely misses you.
The troll claws you.
You die...

..######### #.#.........รท#....
..........## #.#...............
#..######..#####.#..............#
#..# ##.....#.#..........###.#
#..# #####.....(.......## #.#
#..#### ###............# #.#
......# ####.#(.....>...# #.#
#####.# ##..T.#..........# #.#
#.# #..##@#..........###.# #.##
#.###..............#.# #..#
##.###..#......>.##...# ##.#
#..##...........####...
######.####.....####.###.## #...
#............#### #.# #.# ##..
#.####........## #.###.# ####..
..#######.###..#####.....###.....
.................[..........>###.


You could see a troll (inner flame).

Vanquished Creatures
  Grinder (D:5)
  An ice beast (D:6)
  An ogre (D:5)
  2 scorpions
  A jelly (D:4)
  3 hounds
  Ijyb (D:3)
  A sleepcap (D:5)
  3 iguanas
  Natasha (thrice) (D:3)
  9 adders
  13 gnolls (D:3)
  3 ufetubi
  2 worms
  A dart slug (D:5)
  3 ball pythons
  9 endoplasms
  4 giant cockroaches
  8 goblins
  3 hobgoblins (D:3)
  36 kobolds
  2 quokkas
  5 bats
  A frilled lizard (D:3)
  5 rats
121 creatures vanquished.

Notes
Turn   | Place    | Note
-------+----------+-------------------------------------------
     0 | D:1      | voltaire321 the Kobold Enchanter began the quest for the
                  | Orb.
     0 | D:1      | Reached XP level 1. HP: 10/10 MP: 3/3
   207 | D:1      | Reached XP level 2. HP: 9/16 MP: 5/5
   504 | D:1      | Learned a level 2 spell: Ensorcelled Hibernation
   600 | D:2      | Reached XP level 3. HP: 20/20 MP: 6/6
   635 | D:2      | Reached skill level 1 in Fighting
   691 | D:2      | Identified the +5 dagger of Fate {freeze, Str+5}
   820 | D:2      | Found a faded altar of an unknown god.
   948 | D:3      | Reached XP level 4. HP: 25/25 MP: 7/7
   971 | D:3      | Noticed Natasha
   974 | D:3      | Killed Natasha
  1205 | D:3      | Noticed Natasha
  1207 | D:3      | Killed Natasha
  1208 | D:3      | Reached skill level 1 in Ice Magic
  1208 | D:3      | Reached XP level 5. HP: 29/29 MP: 9/9
  1526 | D:3      | Found a snail-covered altar of Cheibriados.
  1902 | D:3      | Reached skill level 5 in Stealth
  1950 | D:3      | Noticed Ijyb
  2157 | D:3      | Reached XP level 6. HP: 32/35 MP: 10/10
  2276 | D:3      | Noticed Natasha
  2294 | D:3      | Killed Natasha
  2313 | D:3      | Killed Ijyb
  2789 | D:4      | Learned a level 3 spell: Tukima's Dance
  2841 | D:4      | Reached XP level 7. HP: 40/40 MP: 11/11
  3002 | D:4      | Found a hazy altar of Hepliaklqana.
  3787 | D:5      | Entered Level 5 of the Dungeon
  3787 | D:5      | Found a white marble altar of Elyvilon.
  3869 | D:5      | Reached skill level 6 in Stealth
  3872 | D:5      | Reached XP level 8. HP: 46/46 MP: 13/13
  3872 | D:5      | Noticed Grinder
  3897 | D:5      | Killed Grinder
  4233 | D:5      | Found a bloodstained altar of Trog.
  4343 | D:5      | Found a shadowy altar of Dithmenos.
  4471 | D:6      | Noticed a troll
  4519 | D:5      | HP: 2/48 [troll (1)]
  4520 | D:5      | Slain by a troll

Illustrated notes

Levels and vault maps discovered:
D:1:      onia_arrival_mini_spirals, layout_basic, minmay_octomino_e4
D:2:      layout_basic, hellmonk_ecumenical_altar_pennies_from_heaven
D:3:      minmay_goblin_kobold_castle, layout_loops_cross,
          cheibrodos_worm_habitat, uniq_natasha, uniq_ijyb
D:4:      layout_basic, mainiacjoe_overflow_alcove_2
D:5:      layout_rooms, mainiacjoe_overflow_alcove_1, kennysheep_mini_moat,
          grunt_dithmenos_smoke, uniq_grinder
D:6:      layout_rooms, serial_shops, shop, uniq_crazy_yiuf_cottage

Skill      XL: |  1  2  3  4  5  6  7  8 |
---------------+-------------------------+-----
Short Blades   | 2 3 4 |  4.9
Fighting       | 1 2 3 |  3.9
Dodging        | 3 4 |  4.8
Ice Magic      | 1 2 3 |  3.1
Stealth        | 5 6 |  6.5
Spellcasting   | 3 4 |  4.1
Hexes          | 4 |  4.7

Action                     |  1- 3 |  4- 6 |  7- 9 || total
---------------------------+-------+-------+-------++-------
  Melee: Dagger            |    46 |   179 |    99 ||   324
         Punch             |     1 |     2 |     1 ||     4
   Cast: Ensorcelled Hiber |       |       |     1 ||     1
    Use: Potion            |     1 |     4 |     3 ||     8
         Scroll            |       |     3 |     3 ||     6
   Stab: Sleeping          |    17 |    17 |    14 ||    48
         Invisible         |     1 |     2 |       ||     3
         Distracted        |       |     3 |     1 ||     4
 Armour: Robe              |     9 |    38 |    23 ||    70
  Dodge: Dodged            |    34 |   151 |    85 ||   270

Table legend: (Time is in decaauts)
 A = Elapsed time spent in this place.
 B = Non-inter-level travel time spent in this place.
 C = Inter-level travel time spent in this place.
 D = Time resting spent in this place.
 E = Time spent auto-exploring this place.
 F = Levels seen in this place.
 G = Mean time per level.
                   A        B        C        D        E       F      G
               +--------+--------+--------+--------+--------+-----+--------+
         Total |   4491 |   4333 |    158 |    334 |   2827 |   6 |  748.5 |
       Dungeon |   4491 |   4333 |    158 |    334 |   2827 |   6 |  748.5 |
               +--------+--------+--------+--------+--------+-----+--------+

Top non-repeatable levels by time:
     D:3: 1848 daAuts
     D:4: 1006 daAuts
     D:5: 683 daAuts
     D:1: 589 daAuts
     D:2: 330 daAuts
     D:6: 33 daAuts
